 Dungeon Crawl Stone Soup version 0.29.1-12-g30fa7ad0bf (webtiles) character file.

Game seed: 17540588796408599575

401 nightchill the Chopper (level 6, 0/57 HPs)
             Began as a Hill Orc Fighter on Jan 5, 2023.
             Succumbed to an orc wizard's poison
             ... on level 4 of the Dungeon.
             The game lasted 00:05:31 (3463 turns).

nightchill the Chopper (Hill Orc Fighter)           Turns: 3463, Time: 00:05:31

Health: 0/57       AC: 12    Str: 21    XL:     6   Next: 85%
Magic:  4/6        EV:  5    Int:  8    God:
Gold:   209        SH:  4    Dex: 10    Spells: 5/5 levels left

rFire   . . .      SeeInvis .   a - +0 war axe
rCold   . . .      Faith    .   c - +0 buckler
rNeg    . . .      Spirit   +   n - +0 plate armour
rPois   .          Reflect  .   v - +0 helmet
rElec   .          Harm     .   (no cloak)
rCorr   .          Rampage  .   (no gloves)
Will    .....                   (no boots)
Stlth   ..........              o - amulet of guardian spirit
HPRegen 0.19/turn               (no ring)
MPRegen 0.10/turn               (no ring)

@: lethally poisoned (0 -> -14)
A: no striking features
a: no special abilities


You were on level 4 of the Dungeon.
You visited 1 branch of the dungeon, and saw 4 of its levels.

You collected 209 gold pieces.

Inventory:

Hand Weapons
 a - a +0 war axe (weapon)
Missiles
 r - 7 poisoned darts (quivered)
 w - 6 boomerangs
Armour
 c - a +0 buckler (worn)
 n - a +0 plate armour (worn)
 v - a +0 helmet (worn)
Jewellery
 o - an amulet of guardian spirit (around neck)
Scrolls
 b - 2 scrolls of butterflies {unknown}
 d - a scroll of poison {unknown}
 f - 4 scrolls of teleportation {unknown}
 k - a scroll of enchant armour {unknown}
 l - 2 scrolls of amnesia {unknown}
 p - a scroll of vulnerability {unknown}
 q - a scroll of enchant weapon {unknown}
 s - a scroll of magic mapping {unknown}
 t - a scroll of blinking {unknown}
 u - 5 scrolls of identify {unknown}
 x - a scroll of fear {unknown}
Potions
 e - a potion of brilliance {unknown}
 g - a potion of cancellation {unknown}
 h - a potion of attraction {unknown}
 i - a potion of flight {unknown}
 j - a potion of resistance {unknown}
 m - a potion of degeneration {unknown}


   Skills:
 + Level 5.9 Fighting
 * Level 7.8 Axes
 - Level 3.2 Armour
 - Level 3.2 Shields


You had 5 spell levels left.
You didn't know any spells.
Your spell library contained the following spells:

 Spells                   Type           Power      Damage    Failure   Level
 Apportation              Tloc           0%         N/A       100%        1
 Necrotise                Necr           0%         1d4       100%        1
 Summon Small Mammal      Summ           0%         N/A       100%        1
 Ozocubu's Armour         Ice            0%         N/A       100%        3
 Ozocubu's Refrigeration  Ice            0%         4d7       100%        7


Dungeon Overview and Level Annotations

Branches:
Dungeon (4/15)
 Temple: D:4-7

Altars:

Annotations:
D:3 exclusion: downstairs


Message History

You hit something.
You feel very sick. Something hits you but does no damage.
You slash something!
You feel very sick.
You hear some strange, mumbled words.
You are confused.
You hear some strange, mumbled words.
A puff of flame appears from out of thin air!
The puff of flame hits you. Something hits you.
You are more poisoned.
You feel very sick.
You bump into the rock wall.
You feel very sick. Something hits you but does no damage.
You are more poisoned.
You feel very sick.
You barely miss the orc. You miss something.
You feel very sick. Something hits you. The orc hits you but does no damage.
The orc attacks as you move away! The orc hits you but does no damage.
You feel very sick. Something hits you.
* * * LOW HITPOINT WARNING * * *
You are lethally poisoned!
Unknown command.
Okay, then.
You feel less confused.
* * * LOW HITPOINT WARNING * * *
You feel very sick.
You hear some strange, mumbled words.
Something tries to affect you, but you resist.
You closely miss something. You slash the orc!
You kill the orc!
* * * LOW HITPOINT WARNING * * *
You feel very sick. Something completely misses you.
Unknown command.
You miss something.
You die... # ..## ###### o.oo

#.)..####
#..#.##{)..#
##...###@..#
.......####...# .#.#
##............# .#..
...#.######...#
.......... #####...#
.##.....# #.....#.#
>...###..###.#...#.#
......##.#.)...#.#.#
......##.#.#..##.#.#


There were no monsters in sight!

Vanquished Creatures
  A black bear (D:4)
  3 hounds
  An orc wizard (D:3)
  Robin (D:3)
  6 adders
  A worm (D:2)
  A dart slug (D:1)
  7 orcs
  9 bats
  12 endoplasms
  4 giant cockroaches
  8 hobgoblins
  8 jackals
  10 kobolds
  3 quokkas
  8 ball pythons
  8 frilled lizards
  21 goblins
  4 rats
116 creatures vanquished.

Vanquished Creatures (others)
  2 plants (D:3)
2 creatures vanquished.

Grand Total: 118 creatures vanquished

Notes
Turn   | Place    | Note
-------+----------+-------------------------------------------
     0 | D:1      | nightchill the Hill Orc Fighter began the quest for the
                  | Orb.
     0 | D:1      | Reached XP level 1. HP: 19/19 MP: 1/1
    45 | D:1      | Reached skill level 3 in Axes
    91 | D:1      | Reached XP level 2. HP: 18/27 MP: 2/2
   344 | D:1      | Reached skill level 4 in Axes
   347 | D:1      | Reached XP level 3. HP: 31/33 MP: 3/3
   586 | D:1      | Found a faded altar of an unknown god.
  1112 | D:2      | Reached XP level 4. HP: 39/41 MP: 4/4
  1271 | D:2      | Reached skill level 5 in Axes
  1738 | D:3      | Noticed Robin
  1747 | D:3      | Killed Robin
  1793 | D:3      | Reached XP level 5. HP: 42/47 MP: 5/5
  2274 | D:3      | Reached skill level 6 in Axes
  2275 | D:3      | Reached skill level 5 in Fighting
  2881 | D:4      | Reached XP level 6. HP: 48/56 MP: 6/6
  2893 | D:4      | Noticed a black bear
  2905 | D:3      | Reached skill level 7 in Axes
  3211 | D:4      | Killed a black bear
  3463 | D:4      | Succumbed to an orc wizard's poison

Illustrated notes

Levels and vault maps discovered:
D:1:      dpeg_arrival_subterranean_lakeside_camping, layout_loops_ring,
          basic_ecumenical_altar
D:2:      minmay_spotlight, layout_basic
D:3:      layout_loops_ring, minmay_shallow_snake_nest, uniq_robin
D:4:      layout_rooms

Skill      XL: |  1  2  3  4  5  6 |
---------------+-------------------+-----
Axes           | 3 4 5 6 7 |  7.8
Fighting       | 4 5 |  5.9
Armour         | |  3.2
Shields        | |  3.2

Action                   |  1- 3 |  4- 6 || total
-------------------------+-------+-------++-------
Melee: War axe           |   111 |   228 ||   339
  Use: Potion            |       |     1 ||     1
Armor: Scale mail        |    44 |       ||    44
       Plate armour      |       |   169 ||   169
Dodge: Dodged            |    41 |    51 ||    92
Block: Buckler           |    29 |    46 ||    75
